 Dungeon Crawl Stone Soup version 0.27.1-1-g398f81649c (webtiles) character file.

Game seed: 99293864707292124

70 ZARRMARR the Conjurer (level 4, -2/43 HPs)
             Began as an Octopode Conjurer on Sept 13, 2021.
             Killed by divine providence
             ... invoked by an orc priest
              (11 damage)
             ... on level 4 of the Dungeon.
             The game lasted 00:04:37 (2258 turns).

ZARRMARR the Conjurer (Octopode Conjurer)           Turns: 2258, Time: 00:04:38

Health: -2/43      AC:  1    Str:  6    XL:     4   Next: 21%
Magic:  4/7        EV: 13    Int: 21    God:
Gold:   136        SH:  0    Dex: 10    Spells: 6/7 levels left

rFire    . . .     SeeInvis .   (no weapon)
rCold    . . .     Faith    .   (no shield)
rNeg     . . .     Spirit   .   (helmet restricted)
rPois    .         Reflect  .   (no amulet)
rElec    .         Harm     .   (no ring)
rCorr    .         Rampage  .   (no ring)
Will     .....                  (no ring)
Stlth    ..........             (no ring)
HPRegen  0.14/turn              (no ring)
MPRegen  0.10/turn              (no ring)
                                (no ring)
                                (no ring)

@: berserking, very quick
A: almost no armour, amphibious, 8 rings, camouflage 1, gelatinous body 1,
(nimble swimmer 1), tentacles
a: no special abilities


You were on level 4 of the Dungeon.
You visited 1 branch of the dungeon, and saw 4 of its levels.

You collected 136 gold pieces.

Inventory:

Jewellery
 g - a ring of fire
Scrolls
 a - a scroll of teleportation {unknown}
 b - 2 scrolls of identify {unknown}
 e - 2 scrolls of amnesia {unknown}
 h - a scroll of holy word {unknown}
 k - a scroll of immolation {unknown}
 l - a scroll of enchant armour {unknown}
Potions
 c - a potion of lignification {unknown}
 d - a potion of invisibility {unknown}
 f - 2 potions of berserk rage
 i - 3 potions of heal wounds {unknown}
 j - a potion of resistance {unknown}


   Skills:
 + Level 2.2 Fighting
 + Level 3.1 Dodging
 - Level 2.6 Stealth
 + Level 2.1 Spellcasting
 - Level 4.0 Conjurations
 * Level 1.0 Earth Magic


You had 6 spell levels left.
You knew the following spells:

 Your Spells              Type           Power      Damage    Failure   Level
a - Magic Dart            Conj           76%        1d6       2%          1

Your spell library contained the following spells:

 Spells                   Type           Power      Damage    Failure   Level
 Searing Ray              Conj           38%        3d4       4%          2
 Summon Small Mammal      Summ           8%         N/A       14%         1
 Stone Arrow              Conj/Erth      24%        3d8       16%         3
 Dazzling Flash           Conj/Hex       20%        N/A       19%         3
 Call Canine Familiar     Summ           2%         N/A       41%         3
 Inner Flame              Hex/Fire       2%         N/A       41%         3
 Summon Guardian Golem    Hex/Summ       2%         N/A       41%         3
 Fulminant Prism          Conj/Hex       5%         3d7       54%         4
 Iskenderun's Mystic Bla  Conj/Tloc      10%        2d4       54%         4
 Cause Fear               Hex            1%         N/A       82%         4
 Bolt of Magma            Conj/Fire/Erth 4%         4d5       90%         5
 Discord                  Hex            1%         N/A       100%        8
 Shatter                  Erth           3%         3d7*      100%        9


Dungeon Overview and Level Annotations

Branches:
Dungeon (4/15)
 Temple: D:4-7

Altars:

Annotations:
D:2 exclusion: downstairs


Innate Abilities, Weirdness & Mutations

You cannot wear most types of armour.
You are amphibious.
You can wear up to eight rings at the same time.
Your skin changes colour to match your surroundings (Stealth+).
Your rubbery body absorbs attacks. (AC +1, EV +1)
((You are camouflaged near water. (Stealth+)))
You have tentacles for arms and can constrict up to eight enemies at once.


Message History

The orc shouts!
The magic dart hits the orc priest.
The orc priest is lightly wounded.
The orc priest looks encouraged for a moment.
The orc priest calls upon Beogh to heal the orc priest.
The orc priest is healed somewhat.
The orc priest calls down the wrath of Beogh upon you.
Beogh smites you!
It was a potion of berserk rage.
A red film seems to cover your vision as you go berserk!
You feel yourself moving faster!
You feel mighty!
You barely miss the orc priest. You grab the orc priest.
The orc priest is moderately wounded.
You constrict the orc priest, but do no damage.
The orc priest struggles to escape constriction.
You barely miss the orc priest. Your grab misses the orc priest.
You squeeze the orc priest!
The orc priest is heavily wounded.
You constrict the orc priest, but do no damage.
The orc priest calls upon Beogh to heal the orc priest.
The orc priest's wounds heal themselves!
You closely miss the orc priest. You grab the orc priest.
The orc priest is heavily wounded.
You constrict the orc priest. x2
The orc priest mumbles some strange prayers to Beogh against you.
Pain shoots through your body!
* * * LOW HITPOINT WARNING * * *
The orc priest miscasts a cantrip.
You barely miss the orc. You grab the orc.
You constrict the orc, but do no damage.
You constrict the orc priest. x2; The orc priest barely misses you.
The orc priest mumbles some strange prayers to Beogh against you.
Pain shoots through your body!
* * * LOW HITPOINT WARNING * * *
You tentacle-slap the orc priest. You squeeze the orc priest.
You kill the orc priest!
You constrict the orc. You constrict the orc priest. The orc barely misses you.
The orc priest calls down the wrath of Beogh upon you.
Beogh smites you!
You die...

.. ##> #..#
#...##
#....#
#..oo##
##..o..##
#...o@).#
#........#
#..........#
#........###
#........##
#........#
#.......##
........#


You could see 3 orc priests and an orc.

Vanquished Creatures
  An orc priest (D:4)
  2 adders
  A worm (D:2)
  An orc (D:3)
  7 endoplasms
  A giant cockroach (D:1)
  3 goblins (D:1)
  5 hobgoblins
  3 kobolds
  3 quokkas
  7 ball pythons
  7 bats
  2 frilled lizards
  A rat (D:2)
44 creatures vanquished.

Notes
Turn   | Place    | Note
-------+----------+-------------------------------------------
     0 | D:1      | ZARRMARR the Octopode Conjurer began the quest for the Orb.
     0 | D:1      | Reached XP level 1. HP: 11/11 MP: 3/3
   247 | D:1      | Reached skill level 1 in Fighting
   247 | D:1      | Reached XP level 2. HP: 18/18 MP: 0/5
   881 | D:1      | Reached XP level 3. HP: 23/23 MP: 0/6
  1224 | D:1      | Found a faded altar of an unknown god.
  1972 | D:3      | Noticed an ogre
  2042 | D:3      | Reached XP level 4. HP: 29/29 MP: 4/7
  2155 | D:3      | Reached skill level 1 in Earth Magic
  2258 | D:4      | Killed from afar by an orc priest

Illustrated notes

Levels and vault maps discovered:
D:1:      heliophobic_arrival_dark_side_of_the_moon, layout_loops_corners,
          basic_ecumenical_altar, amcnicky_mini_pool_small
D:2:      layout_rooms
D:3:      layout_basic, gammafunk_temple_overflow_pools
D:4:      layout_layer_cave, lemuel_doored_altar, abandoned_shop

Skill      XL: |  1  2  3  4 |
---------------+-------------+-----
Fighting       | 1 2 |  2.2
Dodging        | 3 |  3.1
Earth Magic    | 1 |  1.0
Stealth        | |  2.6
Spellcasting   | |  2.1
Conjurations   | |  4.0

Action                   |  1- 3 |  4- 6 || total
-------------------------+-------+-------++-------
Melee: Unarmed           |    19 |     5 ||    24
       Tentacles         |     4 |     2 ||     6
       Constrict         |     2 |     3 ||     5
 Cast: Magic Dart        |    72 |    10 ||    82
  Use: Potion            |       |     1 ||     1
 Stab: Sleeping          |     1 |       ||     1
Armor: Skin              |     1 |       ||     1
Dodge: Dodged            |    10 |     2 ||    12
